 Dungeon Crawl Stone Soup version 0.19.5 (webtiles) character file.

21 alkaine the Ducker (level 2, 0/29 HPs)
             Began as a Troll Fighter on Mar 26, 2017.
             Slain by an adder (2 damage)
             ... on level 2 of the Dungeon.
             The game lasted 00:11:41 (692 turns).

alkaine the Ducker (Troll Fighter)                   Turns: 692, Time: 00:11:41

Health: 0/29       AC:  5    Str: 23    XL:     2   Next: 65%
Magic:  1/1        EV:  8    Int:  4    God:
Gold:   10         SH:  8    Dex:  9    Spells: 0 memorised, 1 level left

rFire  . . .     SeeInvis .     a - +0 flail
rCold  . . .     Gourm    +     b - +0 robe
rNeg   . . .     Faith    .     c - +0 shield
rPois  .         Spirit   .     (helmet restricted)
rElec  .         Reflect  .     (no cloak)
rCorr  .         Harm     .     (gloves unavailable)
MR     .....                    (boots unavailable)
Stlth  +.........               (no amulet)
                                (no ring)
                                (no ring)

@: lethally poisoned (0 -> -1)
A: unfitting armour, claws 3, fast metabolism 3, gourmand, regeneration 1,
shaggy fur 1, tough skin 2
a: no special abilities


You were on level 2 of the Dungeon.
You were not hungry.

You visited 1 branch of the dungeon, and saw 2 of its levels.

You collected 10 gold pieces.

Inventory:

Hand Weapons
 a - a +0 flail (weapon)
 g - a +0 club
Missiles
 h - 26 stones (quivered)
Armour
 b - a +0 robe (worn)
 c - a +0 shield (worn)
 e - a +0 ring mail
 j - a +0 ring mail
Scrolls
 k - a scroll of fear {unknown}
Potions
 d - a potion of might
Comestibles
 f - 2 bread rations


   Skills:
 + Level 2.5 Fighting
 + Level 2.2 Maces & Flails
 + Level 2.7 Dodging
 + Level 2.6 Shields


You had one spell level left.
You didn't know any spells.

Dungeon Overview and Level Annotations

Branches:
Dungeon (2/15)

Altars:
Vehumet
Yredelemnul


Innate Abilities, Weirdness & Mutations

You are too large for most types of armour.
You have claws for hands.
Your metabolism is lightning-fast.
You like to eat raw meat.
Your natural rate of healing is unusually fast.
You are covered in fur. (AC +1)
You have very tough skin. (AC +2)


Message History

The bat hits you but does no damage. The rat bites you but does no damage.
You block the adder's attack. The rat bites you.
* * * LOW HITPOINT WARNING * * *
The adder bites you.
* * * LOW HITPOINT WARNING * * *
You hit the adder.
The adder is heavily wounded.
You feel sick. You block the bat's attack. The adder bites you.
* * * LOW HITPOINT WARNING * * *
The rat barely misses you.
You barely miss the adder.
The adder is heavily wounded.
You block the bat's attack. You block the adder's attack.
The rat barely misses you. The adder bites you.
* * * LOW HITPOINT WARNING * * *
You block the bat's attack. The rat bites you but does no damage.
You hit the adder but do no damage.
The adder is heavily wounded.
The bat hits you but does no damage. The adder bites you.
You die...

###. ... .# ..........[.# ..##
..# .P.#........ ... ######.#
_..........####.. .......##
.P............#..###........
.......#..##...............
..............####.##........
#.#....
#.....b.@Sr.............
.#....##.......r#..............
...#...#........†.......<......
....#.##...###.#.............$
....#......# #...........#...$
#.....§..####...>..)........
##.§.§§...# #...............
#..§...#.# ..##########....
#......#.# ##


You could see an adder, a bat and 2 rats.

Vanquished Creatures
  3 dart slugs
  4 bats (D:1)
  A giant cockroach (D:1)
  A quokka (D:2)
  A frilled lizard (D:1)
  3 goblins (D:1)
  A kobold (D:1)
  2 rats (D:1)
16 creatures vanquished.

Notes
Turn   | Place    | Note
-------+----------+-------------------------------------------
     0 | D:1      | alkaine the Troll Fighter began the quest for the Orb.
     0 | D:1      | Reached XP level 1. HP: 22/22 MP: 0/0
   197 | D:1      | Reached XP level 2. HP: 29/29 MP: 1/1
   617 | D:2      | Found a radiant altar of Vehumet.
   639 | D:2      | Found a basalt altar of Yredelemnul.
   675 | D:2      | HP: 1/29 [rat (2)]
   691 | D:2      | HP: 1/29 [adder (2)]
   692 | D:2      | Slain by an adder

Skill      XL: |  1 |
---------------+----+-----
Maces & Flails | 2 |  2.2
Fighting       | |  2.5
Dodging        | |  2.7
Shields        | |  2.6

Action                   || total
-------------------------++-------
Melee: Flail             ||    79
  Use: Potion            ||     1
  Eat: Bread ration      ||     1
Armor: Robe              ||    64
Dodge: Dodged            ||    57
Block: Shield            ||    61
